 Dungeon Sprint DCSS version 0.21-a0-264-g3e31e41 (webtiles) character file.

123 Kidiri the Sneak (level 4, -8/20 HPs)
             Began as a Spriggan Enchanter on Sept 8, 2017.
             Mangled by a neqoxec (12 damage)
             ... in the Dungeon (Sprint II: "The Violet Keep of Menkaure").
             The game lasted 00:00:29 (40 turns).

Kidiri the Sneak (Spriggan Enchanter)                 Turns: 40, Time: 00:00:30

Health: -8/20      AC:  1    Str:  4      XL:     4   Next: 79%
Magic:  9/12       EV: 22    Int: 11 (16) God:
Gold:   0          SH:  0    Dex: 17      Spells: 12/13 levels left

rFire    . . .     SeeInvis +   a - +1 dagger
rCold    . . .     Gourm    .   (shield restricted)
rNeg     . . .     Faith    .   b - +0 robe
rPois    .         Spirit   .   (helmet restricted)
rElec    .         Reflect  .   (no cloak)
rCorr    .         Harm     .   (gloves unavailable)
MR       .....     NoTele   +   (boots unavailable)
Stlth    +++++.....             (no amulet)
HPRegen  0.06/turn              (no ring)
MPRegen  0.13/turn              (no ring)

@: berserk cooldown, slowed, quick
A: unfitting armour, camouflage 1, see invisible, deformed body, herbivore 3,
speed 3, frail 1, screaming 1, slow metabolism 2
a: no special abilities


You were in the Dungeon.
You were not hungry.

You visited 1 branch

Inventory:

Hand Weapons
 a - a +1 dagger (weapon)
Armour
 b - a +0 robe (worn)
Scrolls
 j - a scroll of blinking
Potions
 e - a potion of curing
 f - a potion of heal wounds
 g - a potion of haste
 h - 2 potions of magic
Books
 c - a book of Maledictions

   Spells                             Type                      Level
   a - Corona                         Hexes                        1
   b - Ensorcelled Hibernation        Hexes/Ice                    2
   c - Confuse                        Hexes                        3
   d - Tukima's Dance                 Hexes                        3
   e - Dazzling Spray                 Conjuration/Hexes            3
Comestibles
 d - a bread ration


   Skills:
 + Level 2.0 Fighting
 * Level 4.3 Short Blades
 + Level 1.8 Armour
 * Level 6.6 Dodging
 * Level 7.8 Stealth
 * Level 5.4 Spellcasting
 + Level 5.0 Hexes


You had 12 spell levels left.
You knew the following spells:

 Your Spells              Type           Power        Failure   Level  Hunger
a - Corona                Hex            ##.....      2%          1    None


Dungeon Overview and Level Annotations

Branches:
Dungeon (1/1)

Altars:


Innate Abilities, Weirdness & Mutations

You are very small and have problems with some larger weapons.
You are too small for most types of armour.
You have supernaturally acute eyesight. (SInv)
You are a herbivore.
You cover ground extremely quickly.
You need consume almost no food.
Your skin changes colour to match your surroundings (Stealth+).
Armour fits poorly on your strangely shaped body.
You are frail. (-10% HP)
You occasionally shout uncontrollably at your foes.


Message History

The shadow imp misses you. The crimson imp completely misses you.
The ufetubus completely misses you. The ufetubus hits you.
* * * LOW HITPOINT WARNING * * *
You hit the neqoxec but do no damage.
The neqoxec is moderately wounded.
The ufetubus hits you.
* * * LOW HITPOINT WARNING * * *
The ufetubus misses you. The neqoxec barely misses you.
The shadow imp completely misses you. The crimson imp closely misses you.
The ufetubus barely misses you.
The ufetubus hits you but does no damage.
The neqoxec barely misses you.
You hit the neqoxec.
The neqoxec is moderately wounded.
The shadow imp completely misses you.
The crimson imp shouts, "Back with thee, thou feeble fool-headed toady!"
The crimson imp misses you. The ufetubus completely misses you. x2
The neqoxec hits you!
Ouch! That really hurt!
You die... ## ## . . a#a

#$# # #+#
.##
##.##.w.#
+555+#
##@##$w.#
#3# .##


533 # 5##55 ## ### You could see 3 neqoxecs, a quasit, a crimson imp, 3 shadow
imps and 2 ufetubi.

Vanquished Creatures
  A neqoxec (D)
1 creature vanquished.

Notes
Turn   | Place    | Note
-------+----------+-------------------------------------------
     0 | D        | Kidiri the Spriggan Enchanter began the quest for the Orb.
     0 | D        | Reached XP level 1. HP: 9/9 MP: 5/5
     1 | D        | Noticed a worker ant
     1 | D        | Noticed a worker ant
     4 | D        | Noticed a tyrant leech
     4 | D        | Noticed a tyrant leech
     7 | D        | Noticed a neqoxec
     7 | D        | Noticed a neqoxec
     7 | D        | Noticed a neqoxec
     7 | D        | Noticed a neqoxec
    10 | D        | Gained mutation: Armour fits poorly on your strangely shaped body. [a neqoxec]
    15 | D        | Noticed a quasit
    18 | D        | Gained mutation: You are frail. (-10% HP) [a neqoxec]
    20 | D        | Killed a neqoxec
    20 | D        | Reached skill level 1 in Armour
    20 | D        | Reached skill level 7 in Stealth
    20 | D        | Reached skill level 5 in Spellcasting
    20 | D        | Reached skill level 5 in Hexes
    20 | D        | Reached XP level 2. HP: 10/13 MP: 6/9
    20 | D        | Reached XP level 3. HP: 13/16 MP: 6/10
    20 | D        | Reached XP level 4. HP: 16/20 MP: 7/12
    30 | D        | Gained mutation: Your skin changes colour to match your surroundings (Stealth+). [a neqoxec]
    31 | D        | Gained mutation: You occasionally shout uncontrollably at your foes. [a neqoxec]
    40 | D        | Mangled by a neqoxec

Vault maps used:
D:        the_violet_keep_of_menkaure

Skill      XL: |  1 |
---------------+----+-----
Fighting       | 2 |  2.0
Short Blades   | 4 |  4.3
Armour         | 1 |  1.8
Dodging        | 6 |  6.6
Stealth        | 7 |  7.8
Spellcasting   | 5 |  5.4
Hexes          | 5 |  5.0

Action                   |  1- 3 |  4- 6 || total
-------------------------+-------+-------++-------
Melee: Dagger            |    12 |    20 ||    32
  Use: Potion            |     1 |       ||     1
Armor: Robe              |       |     1 ||     1
Dodge: Dodged            |     3 |    31 ||    34

Table legend:
 A = Spawn XP
 B = Non-spawn XP
 C = Spawn XP percentage of total XP
 D = Spawn monster count
 E = Non-spawn monster count
 F = Spawn count percentage of total count
 G = Total turns spent on level
                    A         B        C        D         E        F      G
               +---------+---------+-------+---------+---------+-------+---------
         Total |       0 |     176 |   0.0 |       0 |       1 |   0.0 |    40
               +---------+---------+-------+---------+---------+-------+---------
             D |       0 |     176 |   0.0 |       0 |       1 |   0.0 |    40
               +---------+---------+-------+---------+---------+-------+---------
